 Dungeon Crawl Stone Soup version 0.31.0-12-g77e489cdc1 (webtiles) character file.

Game seed: 14056457502119225399

13318 Doot the Thaumaturge (level 12, -3/89 HPs)
             Began as a Djinni Summoner on Mar 1, 2024.
             Was a High Priest of Fedhas.
             Slain by a troll (9 damage)
             ... on level 2 of the Orcish Mines.
             The game lasted 00:22:43 (9443 turns).

Doot the Thaumaturge (Djinni Summoner)              Turns: 9443, Time: 00:22:44

Health: -3/89      AC:  9    Str: 18    XL:     12   Next: 31%
Gold:   1072       EV: 15    Int: 24    God:    Fedhas [*****.] SH:  0 Dex: 16

rFire   + + +        D - +7 mace "Dragon's Tongue" {flame, *Corrode rElec rPois Str+3}
rCold   . . .        (no shield)
rNeg    + . .        L - +2 leather armour {rF+}
rPois   ∞            (no helmet)
rElec   +            F - +2 cloak of Hafadex {rC+ rN+}
rCorr   .            p - +0 pair of gloves
SInv    .            (boots unavailable)
Will    +....        u - amulet of regeneration
Stlth   +++          g - +6 ring of intelligence
HPRegen 1.14/turn    H - +6 ring of strength
MPRegen 0.00/turn

%: corrode self (3%), infuse magic (-4 HP)
@: flying, inugami summoned
A: sickness immunity, fire resistance 2, cold vulnerability 1, float, innate
caster, HP casting, extra vitality 1
a: Renounce Religion, Wall of Briars, Grow Ballistomycete, Overgrow, Grow Oklob


You were on level 2 of the Orcish Mines.
You worshipped Fedhas.
Fedhas was extremely pleased with you.
You visited 3 branches of the dungeon, and saw 13 of its levels.
You also visited: Sewer.

You collected 1083 gold pieces.
You spent 11 gold pieces at shops.

Inventory:

Hand Weapons
 b - a +0 mace
 l - the +3 mace "Kaemnos" {flame, rF+}
   (You found it on level 4 of the Dungeon)

   rF+:       It protects you from fire.
 D - the +7 mace "Dragon's Tongue" (weapon) {flame, *Corrode rElec rPois Str+3}
   (You found it on level 7 of the Dungeon)

   Str+3:     It affects your strength (+3).
   rElec:     It insulates you from electricity.
   rPois:     It protects you from poison *Corrode: It may corrode you when you
   take damage.
Armour
 a - a +0 robe
 o - a +0 cloak
 p - a +0 pair of gloves (worn)
 F - the +2 cloak of Hafadex (worn) {rC+ rN+}
   (You found it on level 8 of the Dungeon)

   rC+:       It protects you from cold.
   rN+:       It protects you from negative energy.
 L - a +2 leather armour of fire resistance (worn)
Jewellery
 g - a +6 ring of intelligence (left hand)
 u - an amulet of regeneration (around neck)
 y - an amulet of faith
 H - a +6 ring of strength (right hand)
 I - a +6 ring of dexterity
Talismans
 d - a serpent talisman
Wands
 B - a wand of iceblast (4)
Scrolls
 c - 3 scrolls of revelation {unknown}
 f - 3 scrolls of teleportation {unknown}
 j - 3 scrolls of poison {unknown}
 k - 8 scrolls of identify {unknown}
 m - a scroll of brand weapon {unknown}
 q - a scroll of blinking {unknown}
 s - 3 scrolls of fog {unknown}
 t - 2 scrolls of fear {unknown}
 w - a scroll of torment {unknown}
 E - a scroll of enchant armour {unknown}
 J - 2 scrolls of noise {unknown}
 K - a scroll of acquirement {unknown}
Potions
 e - 3 potions of enlightenment {unknown}
 h - 4 potions of attraction {unknown}
 i - 5 potions of heal wounds {unknown}
 n - a potion of lignification {unknown}
 r - 2 potions of mutation {unknown}
 v - a potion of brilliance {unknown}
 x - a potion of invisibility {unknown}
 z - a potion of haste {unknown}
 A - a potion of cancellation {unknown}
 C - a potion of curing {unknown}
 G - a potion of resistance {unknown}


   Skills:
 * Level 9.0 Fighting
 - Level 1.0 Maces & Flails
 + Level 0.2 Armour
 + Level 7.7 Dodging
 + Level 4.5 Stealth
 * Level 8.9 Unarmed Combat
 * Level 9.2 Spellcasting
 * Level 9.2 Conjurations
 * Level 9.2 Hexes
 * Level 9.2 Summonings
 * Level 9.2 Necromancy
 * Level 9.2 Translocations
 * Level 9.2 Fire Magic
 * Level 9.2 Ice Magic
 * Level 9.2 Air Magic
 * Level 9.2 Earth Magic
 * Level 9.2 Alchemy
 * Level 4.0 Invocations


You knew the following spells:

 Your Spells              Type           Power      Damage    Failure   Level
a - Summon Small Mammal   Summ           100%       N/A       1%          1
b - Call Imp              Summ           100%       N/A       1%          2
c - Call Canine Familiar  Summ           54%        N/A       1%          3
d - Summon Blazeheart Go  Fire/Summ      54%        N/A       1%          4
e - Summon Lightning Spi  Summ/Air       54%        N/A       1%          4
f - Sting                 Conj/Alch      100%       1d9       1%          1
g - Momentum Strike       Conj/Tloc      100%       3d10      1%          2
h - Scorch                Fire           100%       2d9       1%          2
i - Iskenderun's Mystic   Conj/Tloc      54%        2d12      1%          4
j - Alistair's Intoxicat  Alch           36%        N/A       4%          5
Your spell library was empty.

Dungeon Overview and Level Annotations

Branches:
Dungeon (10/15)            Temple (1/1) D:4             Orc (2/2) D:10
  Sewer (visited)
   Lair: D:8-11         Elf: Orc:2

Altars:
Ashenzari
Cheibriados
Dithmenos
Elyvilon
Fedhas
Gozag
Makhleb
Nemelex Xobeh
Okawaru
Qazlal
Ru
Trog
Uskayaw
Wu Jian
Xom
Yredelemnul
Zin
The Shining One

Shops:
D:7 !:*

Annotations:
D:5 1 runed translucent door


Innate Abilities, Weirdness & Mutations

You are immune to sickness and miasma.
You are immune to poison.
Your flesh is very heat resistant. (rF++)
You are vulnerable to cold. (rC-)
You float through the air rather than walking.
You learn spells naturally, not from books.
Your magical power is your life essence.
You have superior vitality. (+4 MHP)


Message History

The troll misses you. The troll closely misses you. The troll misses you.
You closely miss the troll.
The troll is moderately wounded.
The troll bites you! The troll claws you but does no damage.
The troll misses you. The troll closely misses you. x2
The troll barely misses you.
You sock the troll! You burn the troll.
The troll is severely wounded.
The troll bites you. The troll barely misses you. The troll misses you.
You hit the troll. You burn the troll.
The troll is severely wounded.
The troll bites you! The troll misses you. The troll barely misses you.
You closely miss the troll.
The troll is severely wounded.
The troll bites you. The troll claws you but does no damage.
The troll closely misses you. x2; The troll claws you.
The troll closely misses you.
You hit the troll. You burn the troll. You punch the troll!
The troll is almost dead.
The troll bites you. The troll claws you. x2
You closely miss the troll.
The troll is almost dead.
The troll closely misses you. The troll completely misses you.
The troll barely misses you. The troll completely misses you.
The troll barely misses you. The troll claws you.
You barely miss the troll.
The troll is almost dead.
The troll bites you! The troll closely misses you. The troll claws you!
* * * LOW HITPOINT WARNING * * *
Casting: Summon Lightning Spire (dangerous; 1% risk of failure)
Confirm with . or Enter, or press ? or * to list all spells.
You call for your canine familiar and it appears with a howl!
* * * LOW HITPOINT WARNING * * *
The troll bites you!
* * * LOW HITPOINT WARNING * * *
The troll claws you!
* * * LOW HITPOINT WARNING * * *
The troll claws you!
You die...
Fedhas appreciates your contribution to the ecosystem.

.............#
............##
.............##
.......#......###
..............#.## ##
.................##
..#
..............#...#..#
.................#...#
.##.............@....#
## ...#.#...#..T#.## .
#.####......h.## .
##.##.#...$ ##
#.#..... ......### #.
...# ## #.##


You could see a troll (ally target) and a friendly inugami (summoned).

Vanquished Creatures
  2 tengu warriors (D:10)
  A two-headed ogre (D:6)
  Pikel (D:7)
  An orc knight (Orc:2)
  An orc sorcerer (D:8)
  An unseen horror (D:10)
  Grum (D:9)
  A vampire (D:9)
  A yak (D:10)
  A warg (Orc:1)
  2 steam dragons
  A water moccasin (D:6)
  4 orc warriors
  3 ice beasts
  5 sky beasts (D:7)
  4 black bears
  2 wolves (D:9)
  A centaur (D:7)
  An ogre (Orc:1)
  A phantom (D:5)
  A bullfrog (D:8)
  A kobold brigand (Sewer)
  2 scorpions
  11 wights
  12 killer bees
  4 jellies
  7 howler monkeys
  A bombardier beetle (D:5)
  4 hounds
  2 orc priests
  3 iguanas
  7 orc wizards
  8 adders
  A river rat (D:6)
  4 shadow imps (Sewer)
  A white imp (D:7)
  An ufetubus (Sewer)
  2 dart slugs
  19 orcs
  9 ball pythons
  9 giant cockroaches
  3 goblins
  A hobgoblin (D:4)
  6 kobolds
  3 bats
  2 frilled lizards
  8 rats (D:2)
167 creatures vanquished.

Vanquished Creatures (collateral kills)
  A two-headed ogre (D:9)
  An orc knight (Orc:1)
  A cyclops (D:7)
  Jeremiah (D:9)
  A troll (Orc:2)
  Grinder (Sewer)
  6 yaks (D:10)
  A wraith (D:10)
  2 steam dragons
  7 orc warriors
  A wolf (D:9)
  A kobold brigand (D:8)
  A bullfrog (D:4)
  5 killer bees
  A bombardier beetle (D:4)
  A howler monkey (D:9)
  2 quasits (Sewer)
  A jelly (D:5)
  7 orc priests
  Jessica (D:2)
  4 orc wizards
  An adder zombie (Sewer)
  A dart slug (D:2)
  A ribbon worm (D:4)
  20 orcs
  3 ball pythons
  2 bats (D:1)
  A giant cockroach (D:4)
  2 hobgoblins (D:2)
  A quokka (D:2)
  3 kobolds (Sewer)
  2 rats
84 creatures vanquished.

Vanquished Creatures (others)
  A kobold zombie (Sewer)
1 creature vanquished.

Grand Total: 252 creatures vanquished

Notes
Turn   | Place    | Note
-------+----------+-------------------------------------------
     0 | D:1      | Doot the Djinni Summoner began the quest for the Orb.
     0 | D:1      | Doot set off with the following spells memorised: Summon
                  | Small Mammal, Call Imp, Call Canine Familiar, Summon
                  | Blazeheart Golem, Summon Lightning Spire.
     0 | D:1      | Reached XP level 1. HP: 15/15 MP: 0/0
   208 | D:1      | Reached XP level 2. HP: 21/21 MP: 0/0
   248 | D:1      | You are sucked into a shaft and drop 1 floor!
   455 | D:2      | Noticed Jessica
   462 | D:2      | Killed Jessica
   463 | D:2      | Reached XP level 3. HP: 16/25 MP: 0/0
   463 | D:2      | Learned a level 1 spell: Sting
   620 | D:2      | Found a faded altar of an unknown god.
   742 | D:2      | Reached XP level 4. HP: 16/31 MP: 0/0
  1588 | D:4      | Reached skill level 1 in Unarmed Combat
  1588 | D:4      | Reached XP level 5. HP: 11/36 MP: 0/0
  1588 | D:4      | Learned a level 2 spell: Momentum Strike
  1618 | D:4      | Identified the +3 mace "Kaemnos" {flame, rF+}
  1726 | D:4      | Found a staircase to the Ecumenical Temple.
  1739 | Temple   | Entered the Ecumenical Temple
  1801 | Temple   | Became a worshipper of Fedhas Madash
  1973 | D:4      | Reached skill level 1 in Fighting
  2197 | D:4      | Noticed a bullfrog
  2218 | D:4      | Killed a bullfrog
  2219 | D:4      | Reached XP level 6. HP: 31/43 MP: 0/0
  2338 | D:4      | Noticed a black bear
  2355 | D:4      | Killed a black bear
  2362 | D:4      | Reached XP level 7. HP: 14/49 MP: 0/0
  2362 | D:4      | Learned a level 2 spell: Scorch
  2557 | D:4      | Found a sacrificial altar of Ru.
  2571 | D:4      | Reached * piety under Fedhas
  2682 | D:5      | Entered Level 5 of the Dungeon
  2708 | D:5      | Found a runed translucent door.
  2708 | D:5      | Noticed a human
  2742 | D:5      | Found a basalt altar of Yredelemnul.
  3425 | D:5      | Reached XP level 8. HP: 48/56 MP: 0/0
  3537 | D:6      | Found a bloodstained altar of Trog.
  3571 | D:6      | Noticed a two-headed ogre
  3601 | D:6      | Reached skill level 5 in Spellcasting
  3601 | D:6      | Reached skill level 5 in Conjurations
  3601 | D:6      | Reached skill level 5 in Hexes
  3601 | D:6      | Reached skill level 5 in Summonings
  3601 | D:6      | Reached skill level 5 in Necromancy
  3601 | D:6      | Reached skill level 5 in Translocations
  3601 | D:6      | Reached skill level 5 in Fire Magic
  3601 | D:6      | Reached skill level 5 in Ice Magic
  3601 | D:6      | Reached skill level 5 in Air Magic
  3601 | D:6      | Reached skill level 5 in Earth Magic
  3601 | D:6      | Reached skill level 5 in Alchemy
  3803 | D:6      | Identified the +1 dagger "Vuhere Zirgh" {spect, Dex+2}
  3985 | D:6      | Found a glowing drain.
  3992 | Sewer    | Entered a sewer
  4087 | Sewer    | Reached skill level 5 in Dodging
  4121 | Sewer    | Found a burning altar of Makhleb.
  4138 | Sewer    | Reached skill level 1 in Maces & Flails
  4153 | Sewer    | Reached ** piety under Fedhas
  4260 | Sewer    | Noticed Grinder
  4269 | Sewer    | Killed Grinder
  4270 | Sewer    | Reached XP level 9. HP: 60/62 MP: 0/0
  4270 | Sewer    | Learned a level 4 spell: Iskenderun's Mystic Blast
  4448 | D:6      | Killed a two-headed ogre
  4652 | D:6      | Found a stormy altar of Qazlal.
  4654 | D:6      | Found a shadowy altar of Dithmenos.
  4663 | D:6      | Found a broken altar of Ashenzari.
  4792 | D:6      | Reached skill level 5 in Fighting
  5086 | D:7      | Found Ikiph's Distillery.
  5094 | D:7      | Bought a potion of degeneration for 11 gold pieces
  5107 | D:7      | Reached skill level 5 in Unarmed Combat
  5120 | D:7      | Found Mosuof's General Store.
  5144 | D:7      | Noticed Pikel
  5165 | D:7      | Reached XP level 10. HP: 64/70 MP: 0/0
  5166 | D:7      | Killed Pikel
  5251 | D:7      | Identified the +7 mace "Dragon's Tongue" {flame, *Corrode
                  | rElec rPois Str+3}
  5495 | D:7      | Found Durafyip's Book Shop.
  5523 | D:7      | Noticed a cyclops
  5544 | D:7      | Killed a cyclops
  5571 | D:7      | Reached *** piety under Fedhas
  5670 | D:7      | Found an opulent altar of Gozag.
  5670 | D:7      | Found a glowing silver altar of Zin.
  6009 | D:8      | Noticed an orc sorcerer
  6014 | D:8      | Paralysed by an orc sorcerer for 4 turns
  6070 | D:8      | Killed an orc sorcerer
  6073 | D:8      | Identified the +2 cloak of Hafadex {rC+ rN+}
  6113 | D:8      | Reached XP level 11. HP: 79/79 MP: 0/0
  6113 | D:8      | Learned a level 5 spell: Alistair's Intoxication
  6143 | D:8      | Identified the +4 whip of the Establishment {drain, rPois
                  | Will- Str+2 Dex+3}
  6467 | D:8      | Found a burning altar of Makhleb.
  6467 | D:8      | Found a white marble altar of Elyvilon.
  6823 | D:9      | Noticed a two-headed ogre
  6846 | D:9      | Killed a two-headed ogre
  6878 | D:9      | Identified the +7 sling of Zohoanig {drain, rF+ rC+ Will+
                  | Int-2}
  6953 | D:9      | Found a glowing golden altar of the Shining One.
  7098 | D:9      | Noticed Jeremiah
  7128 | D:9      | Killed Jeremiah
  7465 | D:9      | Noticed Grum
  7477 | D:9      | Killed Grum
  7621 | D:9      | Reached **** piety under Fedhas
  7746 | D:10     | Entered Level 10 of the Dungeon
  8054 | D:10     | Found a staircase to the Orcish Mines.
  8065 | D:10     | Reached skill level 1 in Invocations
  8149 | D:10     | Noticed a tengu warrior
  8168 | D:10     | Noticed a tengu warrior
  8169 | D:10     | Killed a tengu warrior
  8178 | D:10     | Killed a tengu warrior
  8327 | D:10     | Reached XP level 12. HP: 88/88 MP: 0/0
  8564 | Orc:1    | Entered Level 1 of the Orcish Mines
  8977 | Orc:2    | Entered Level 2 of the Orcish Mines
  9243 | Orc:2    | Reached ***** piety under Fedhas
  9443 | Orc:2    | Slain by a troll

Illustrated notes

Levels and vault maps discovered:
D:1:      dpeg_arrival_concentric_ovals, layout_loops_corners
D:2:      layout_rooms, chequers_ecumenical_altar_island,
          minmay_rat_gold_closets, uniq_jessica
D:3:      layout_loops_ring, amcnicky_altar_gilded, gammafunk_ghost_arena,
          uniq_robin
D:4:      layout_rooms, mainiacjoe_overflow_tiny_flanked,
          minmay_temple_entry_arrows, chequers_serial_rivers_small_a,
          minmay_snake_closets
D:5:      layout_rooms, dk_yredelemnul_ordeal
D:6:      layout_gridville, grunt_temple_overflow_open,
          mainiacjoe_overflow_chevrons, portal_sewer_entry_e
D:7:      layout_loops_ring, grunt_temple_overflow_gold_and_silver,
          serial_shops, shop, nicolae_shop_waterfront, shop,
          hangedman_misty_isle, uniq_pikel
D:8:      cheibrodos_wizards_tower, layout_basic, jmf_multi_god_temple
D:9:      layout_loops_corners, nicolae_tso_carved_into_rock, uniq_jeremiah,
          uniq_grum
D:10:     layout_loops_ring, david_orc_3
Temple:   nicolae_temple_bog_church
Orc:1:    layout_caves
Orc:2:    st_orc_congregation, layout_caves

Skill      XL: |  1  2  3  4  5  6  7  8  9 10 11 12 |
---------------+-------------------------------------+-----
Stealth        | 2 3 4 |  4.5
Dodging        | 3 4 5 6 7 |  7.7
Unarmed Combat | 1 2 3 5 6 8 |  8.9
Fighting       | 1 2 3 4 5 7 8 9 |  9.0
Spellcasting   | 4 6 7 8 9 |  9.2
Conjurations   | 4 6 7 8 9 |  9.2
Hexes          | 4 6 7 8 9 |  9.2
Summonings     | 4 6 7 8 9 |  9.2
Necromancy     | 4 6 7 8 9 |  9.2
Translocations | 4 6 7 8 9 |  9.2
Fire Magic     | 4 6 7 8 9 |  9.2
Ice Magic      | 4 6 7 8 9 |  9.2
Air Magic      | 4 6 7 8 9 |  9.2
Earth Magic    | 4 6 7 8 9 |  9.2
Alchemy        | 4 6 7 8 9 |  9.2
Maces & Flails | 1 |  1.0
Invocations    | 2 4 |  4.0
Armour         | |  0.2

Action                     |  1- 3 |  4- 6 |  7- 9 | 10-12 || total
---------------------------+-------+-------+-------+-------++-------
  Melee: Mace              |    47 |    41 |   104 |   135 ||   327
         Unarmed           |    43 |   131 |       |       ||   174
         Punch             |     1 |     1 |     1 |     7 ||    10
   Cast: Summon Small Mamm |     6 |       |       |       ||     6
         Call Imp          |     3 |     1 |       |       ||     4
         Call Canine Famil |       |     2 |     5 |    11 ||    18
         Summon Blazeheart |       |     1 |       |     2 ||     3
         Sting             |       |     3 |    14 |    19 ||    36
         Scorch            |       |       |    52 |    49 ||   101
         Summon Lightning  |       |       |     2 |    21 ||    23
         Iskenderun's Myst |       |       |     3 |    16 ||    19
         Momentum Strike   |       |       |     2 |     1 ||     3
         Alistair's Intoxi |       |       |       |    10 ||    10
 Invoke: Wall of Briars    |       |       |       |     1 ||     1
   Stab: Sleeping          |     6 |     7 |     2 |     2 ||    17
         Confused          |       |       |       |     1 ||     1
 Armour: Robe              |    59 |   115 |   105 |   137 ||   416
         Leather armour    |       |       |       |    49 ||    49
  Dodge: Dodged            |    71 |   140 |   136 |   238 ||   585
